 Dungeon Crawl Stone Soup version 0.17-a0-119-g2b06fc5 (webtiles) character file.

1327 xeno23 the Magician (level 8, -1/54 HPs)
             Began as a High Elf Ice Elementalist on Mar 20, 2015.
             Was a Follower of Cheibriados.
             Killed from afar by an orc wizard (10 damage)
             ... with a magic dart
             ... on level 6 of the Dungeon.
             The game lasted 00:47:12 (5112 turns).

xeno23 the Magician (High Elf Ice Elementalist)     Turns: 5112, Time: 00:47:12

Health: -1/54      AC:  6    Str: 19      XL:     8   Next: 34%
Magic:  3/15       EV: 18    Int: 23      God:    Cheibriados [*.....]
Gold:   280        SH:  0    Dex: 17 (18) Spells: 4 memorised, 9 levels left

rFire  . . .     SeeInvis .     v - +2 dagger (vamp)
rCold  . . .     Clarity  .     J - +0 robe (curse)
rNeg   . . .     SustAb   .     (no shield)
rPois  +         Gourm    .     s - +1 helmet
rElec  .         Spirit   .     p - +1 cloak
rCorr  .         Warding  .     (no gloves)
rMut   .         Stasis   +     (no boots)
MR     .....                    n - amulet of stasis
Stlth  +++.......               (no ring)
                                h - ring of Charity {Contam rPois MP-9 EV+4 Str+10}

@: very slow, not resistant to hostile enchantments, fairly stealthy
A: no striking features
a: Bend Time, Renounce Religion


You were on level 6 of the Dungeon.
You worshipped Cheibriados.
Cheibriados was aware of your devotion.
You were very hungry.

You visited 2 branches of the dungeon, and saw 7 of its levels.

You collected 280 gold pieces.

Inventory:

Hand weapons
 d - a +0 short sword
 l - a +1 whip of pain
 v - a +2 vampiric dagger (weapon)
 y - a +1 flail of holy wrath
 D - a +2 dagger of chaos
Missiles
 t - 46 stones (quivered)
 B - 22 arrows
Armour
 a - a +0 robe
 p - a +1 cloak (worn)
 s - a +1 helmet (worn)
 I - a +0 buckler
 J - a cursed +0 robe (worn)
Jewellery
 h - the ring of Charity (left hand) {Contam rPois MP-9 EV+4 Str+10}
   (You found it on level 5 of the Dungeon)

   [ring of evasion]

   It affects your evasion (+4).
   It affects your strength (+10).
   It protects you from poison.
   It affects your magic capacity (-9).
   It causes magical contamination when unequipped.
 n - an amulet of stasis (around neck)
Magical devices
 w - a wand of random effects (34)
 F - a wand of confusion (18)
Scrolls
 j - a scroll of immolation
 A - a scroll of remove curse
 E - 4 scrolls of identify
 G - a scroll of brand weapon {unknown}
Potions
 e - 2 potions of invisibility {unknown}
 i - 2 potions of brilliance
 m - 2 potions of curing {unknown}
 o - a potion of cancellation {unknown}
 u - a potion of lignification {unknown}
 x - a potion of haste
 z - a potion of poison {unknown}
 C - a potion of mutation {unknown}
Books
 b - a book of Frost

   Spells                             Type                      Level
   a - Freeze                         Ice                          1
   b - Throw Frost                    Conjuration/Ice              2
   c - Ozocubu's Armour               Charms/Ice                   3
   d - Throw Icicle                   Conjuration/Ice              4
   e - Summon Ice Beast               Ice/Summoning                4
   f - Condensation Shield            Ice                          4
Comestibles
 c - 4 bread rations
 f - 4 chunks of flesh
 g - 5 meat rations
 r - 2 fruits


   Skills:
 * Level 4.7 Fighting
 + Level 1.0 Armour
 + Level 4.2 Dodging
 + Level 4.5 Stealth
 * Level 6.0 Spellcasting
 - Level 1.1 Conjurations
 * Level 5.8 Ice Magic
 + Level 1.5 Invocations


You had 9 spell levels left.
You knew the following spells:

 Your Spells              Type           Power        Failure   Level  Hunger
a - Freeze                Ice            ####         1%          1    None
b - Ozocubu's Armour      Chrm/Ice       ###.....     10%         3    #......
c - Summon Ice Beast      Ice/Summ       ###.....     30%         4    ###....
q - Throw Frost           Conj/Ice       ###...       3%          2    None


Dungeon Overview and Level Annotations

Branches:
Dungeon (6/15)             Temple (1/1) D:5

Altars:
Ashenzari
Cheibriados
Dithmenos
Elyvilon
Fedhas
Gozag
Kikubaaqudgha
Makhleb
Nemelex Xobeh
Okawaru
Qazlal
Ru
Vehumet
Xom
Yredelemnul
Zin
The Shining One


Message History

You completely miss the orc. The orc hits you with a whip.
* * * LOW HITPOINT WARNING * * *
The orc completely misses you.
You barely miss the orc wizard.
The orc wizard is lightly wounded.
The orc wizard hits you with a dagger.
* * * LOW HITPOINT WARNING * * *
The orc misses you. The orc barely misses you.
The orc wizard hits you but does no damage.
You barely miss the orc wizard.
The orc wizard is lightly wounded.
The orc wizard hits you with a dagger.
* * * LOW HITPOINT WARNING * * *
The orc hits you with a whip.
* * * LOW HITPOINT WARNING * * *
The orc closely misses you. The orc wizard closely misses you.
The orc wizard points at you and mumbles some strange words.
The magic dart hits you!
You die...

#.## #...## ..#
#....##### # #.##
#......... #. #..#
##......### #.###
#..###.....###
#...##...###..........#
#.........)......###..#
.....####.####.#.#
##..# ... ##...@.##.#.#
#..# . #.#....oo.#.#..
...#
..##.#...).o.#.#..#
#..#
#........._...).#...
...
#....#.......#...?...#
.. ....#.......#.#.....
##.....##.. ....
###.### ..# ... .....
.## .


You could see an orc wizard and 2 orcs.

Vanquished Creatures
  An orc warrior (D:6)
  A sky beast (D:5)
  A centaur (D:5)
  Sigmund (D:3)
  A scorpion (D:5)
  3 crimson imps
  5 orc priests
  A jelly (D:5)
  A quasit (D:4)
  A giant frog skeleton (D:5)
  An iguana (D:5)
  6 orc wizards
  A worker ant (D:4)
  Ijyb (D:3)
  A hound skeleton (D:4)
  A worker ant zombie (D:5)
  Robin (D:2)
  17 adders
  2 worms
  4 giant geckos
  An ooze (D:5)
  10 orcs
  10 bats
  A bat zombie (D:5)
  3 giant cockroaches
  18 goblins
  13 hobgoblins
  10 jackals
  3 quokkas
  7 ball pythons (D:2)
  4 giant newts
  14 kobolds
  7 rats
152 creatures vanquished.

Vanquished Creatures (collateral kills)
  A phantom (D:4)
1 creature vanquished.

Vanquished Creatures (others)
  An orc (D:4)
1 creature vanquished.

Grand Total: 154 creatures vanquished

Notes
Turn   | Place    | Note
--------------------------------------------------------------
     0 | D:1      | xeno23, the High Elf Ice Elementalist, began the quest for the Orb.
     0 | D:1      | Reached XP level 1. HP: 11/11 MP: 4/4
   180 | D:1      | Reached XP level 2. HP: 13/17 MP: 4/6
   184 | D:1      | Learned a level 2 spell: Throw Frost
   888 | D:2      | Noticed Robin
  1113 | D:2      | Killed Robin
  1113 | D:2      | Reached XP level 3. HP: 17/22 MP: 1/10
  1115 | D:2      | Reached skill level 1 in Fighting
  1215 | D:2      | Learned a level 3 spell: Ozocubu's Armour
  1443 | D:2      | Reached XP level 4. HP: 28/28 MP: 13/13
  1823 | D:2      | Reached XP level 5. HP: 23/34 MP: 8/15
  1944 | D:2      | Reached skill level 4 in Spellcasting
  2200 | D:2      | Learned a level 4 spell: Summon Ice Beast
  2446 | D:3      | Noticed Ijyb
  2461 | D:3      | Killed Ijyb
  2522 | D:3      | Noticed Sigmund
  2534 | D:3      | Killed Sigmund
  2534 | D:3      | Reached XP level 6. HP: 8/41 MP: 2/18
  2719 | D:3      | Found a white marble altar of Elyvilon.
  3365 | D:4      | Reached XP level 7. HP: 40/46 MP: 14/21
  3458 | D:4      | Reached skill level 5 in Spellcasting
  3571 | D:4      | Reached skill level 5 in Ice Magic
  3906 | D:4      | Found a shimmering altar of Xom.
  3906 | D:4      | Found a burning altar of Makhleb.
  4010 | D:5      | Entered Level 5 of the Dungeon
  4101 | D:5      | Found a staircase to the Ecumenical Temple.
  4143 | Temple   | Entered the Ecumenical Temple
  4380 | Temple   | Became a worshipper of Cheibriados the Contemplative
  4471 | D:5      | HP: 2/48 [sky beast (6)]
  4585 | D:5      | Got a pitted bronze ring
  4586 | D:5      | Identified the ring of Charity {Contam rPois MP-9 EV+4 Str+10} (You found it on level 5 of the Dungeon)
  4697 | D:5      | Reached XP level 8. HP: 50/54 MP: 10/23
  4827 | D:5      | Found an opulent altar of Gozag.
  4934 | D:5      | Reached skill level 1 in Invocations
  5054 | D:6      | Found a sparkling altar of Nemelex Xobeh.
  5057 | D:6      | Acquired Cheibriados' first power
  5089 | D:6      | Reached skill level 1 in Armour
  5089 | D:6      | Reached skill level 6 in Spellcasting
  5112 | D:6      | Killed from afar by an orc wizard

Action                   |  1- 3 |  4- 6 |  7- 9 || total
-------------------------+-------+-------+-------++-------
Melee: Short sword       |    74 |    85 |       ||   159
       Unarmed           |     1 |       |       ||     1
       Dagger            |       |    84 |   152 ||   236
Throw: Stone             |       |     2 |     2 ||     4
 Cast: Freeze            |    23 |    42 |    21 ||    86
       Throw Frost       |     8 |    21 |    41 ||    70
       Ozocubu's Armour  |     1 |     3 |     2 ||     6
       Summon Ice Beast  |       |       |     2 ||     2
  Use: Scroll            |       |     9 |     2 ||    11
       Potion            |       |       |     2 ||     2
 Stab: Sleeping          |     3 |     7 |     2 ||    12
       Distracted        |       |       |     1 ||     1
  Eat: Chunk             |     2 |     7 |     5 ||    14
       Fruit             |       |     3 |       ||     3
       Beef jerky        |       |     1 |       ||     1
